[Event "Late-Titled-Tuesday-Blitz-April-23-2024"]
[Site "Chess.com"]
[Date "2024.04.23"]
[Round "3"]
[White "Horokoskii"]
[Black "Kavyev_Ruslan"]
[Result "1-0"]
[WhiteElo "2180"]
[BlackElo "2397"]
[TimeControl "180+1"]
[EndTime "14:28:17 PDT"]
[Termination "Horokoskii won by resignation"]

1. c4 e6 2. e4 d5 3. cxd5 exd5 4. e5 d4 5. Nf3 c5 6. Bc4 Nc6 7. O-O Nge7 8. Qe2 Ng6 9. e6 fxe6 10. Bxe6 Be7 11. d3 Bxe6 12. Qxe6 Qd6 13. Qc4 a6 14. a4 Nce5 15. Nxe5 Nxe5 16. Qb3 Rb8 17. Nd2 Nf7 18. Ne4 Qg6 19. Bf4 O-O 20. Bxb8 Rxb8 21.
Rfe1 Kh8 22. Qd5 b6 23. Ng3 Bf6 24. Ne4 Ne5 25. Nxf6 gxf6 26. Rxe5 Rg8 27. Re7 Qxd3 28. Rae1 Qg6 29. g3 h5 30. Qf7 Qf5 31. Re8 1-0

[Event "Late-Titled-Tuesday-Blitz-April-23-2024"]
[Site "Chess.com"]
[Date "2024.04.23"]
[Round "3"]
[White "Evan_Attaker"]
[Black "Kiborg95"]
[Result "1-0"]
[WhiteElo "2590"]
[BlackElo "2811"]
[TimeControl "180+1"]
[EndTime "14:28:18 PDT"]
[Termination "Evan_Attaker won by resignation"]

1. Nf3 d6 2. d4 Nf6 3. g3 Nbd7 4. c4 e5 5. Bg2 c6 6. Nc3 e4 7. Nd2 d5 8. O-O Be7 9. e3 O-O 10. Rb1 Re8 11. b4 h5 12. b5 Nf8 13. Qa4 Bd7 14.
Ba3 h4 15. Bxe7 Rxe7 16. bxc6 bxc6 17. cxd5 cxd5 18. Qb3 Bf5 19. Rfc1 Ne6 20. Qa3 hxg3 21. hxg3 Ng4 22. Rb5 Rd7 23. Nb3 Bg6 24. Qa5 Nc7 25. Rb7 Rc8 26. Nc5 Rd6 27. Rxa7 Bf5 28. Nb7 Qg5 29.
Nxd6 1-0

[Event "Late-Titled-Tuesday-Blitz-April-23-2024"]
[Site "Chess.com"]
[Date "2024.04.23"]
[Round "3"]
[White "sergiochess83"]
[Black "rdarruda"]
[Result "1/2-1/2"]
[WhiteElo "2940"]
[BlackElo "2540"]
[TimeControl "180+1"]
[EndTime "14:28:19 PDT"]
[Termination "Game drawn by agreement"]

1. d4 Nf6 2. c4 e5 3. dxe5 Ne4 4. Nd2 Nc5 5. Ngf3 Nc6 6. g3 Qe7 7. Bg2 Nxe5 8. O-O d6 9. b3 g6 10. Nxe5 dxe5 11. Ba3 Qd8 12. Nf3 Qxd1 13. Raxd1 f6 14.
Ne1 c6 15. f4 exf4 16. gxf4 Bf5 17. Nf3 Rd8 18. Rxd8+ Kxd8 19. Nd4 Bd7 20. Rd1 Kc7 21.
e4 Ne6 22. Nxe6+ Bxe6 23. Bxf8 Rxf8 24. Kf2 Rd8 25. Rxd8 Kxd8 26. c5 b6 27. cxb6 axb6 28. Ke3 c5 29. Bf1 Ke7 30. h4 h6 31. Bc4 Bd7 32. a3 g5 33. hxg5 hxg5 34. Kf3 gxf4 35.
Kxf4 Kd6 36. a4 Bh3 37. Bg8 1/2-1/2

[Event "Late-Titled-Tuesday-Blitz-April-23-2024"]
[Site "Chess.com"]
[Date "2024.04.23"]
[Round "3"]
[White "nihalsarin"]
[Black "Nimrod_Veinberg"]
[Result "1-0"]
[WhiteElo "3140"]
[BlackElo "2818"]
[TimeControl "180+1"]
[EndTime "14:28:20 PDT"]
[Termination "nihalsarin won by resignation"]

1. e4 c5 2. Nc3 e6 3. g4 a6 4. Bg2 Nc6 5. d3 b5 6. h4 Bb7 7. f4 d5 8. Nf3 Nf6 9. g5 dxe4 10. Nd2 e3 11. Nde4 Nxe4 12. Bxe4 e2 13. Nxe2 g6 14.
Be3 Qe7 15. h5 Bg7 16. c3 Rg8 17. a4 b4 18. a5 O-O-O 19. Qa4 Kc7 20. cxb4 Nxb4 21.
Rc1 Nd5 22. Bxc5 Qd7 23. Bd6+ 1-0

[Event "Late-Titled-Tuesday-Blitz-April-23-2024"]
[Site "Chess.com"]
[Date "2024.04.23"]
[Round "3"]
[White "Jahonas"]
[Black "yobdc"]
[Result "1-0"]
[WhiteElo "2388"]
[BlackElo "2579"]
[TimeControl "180+1"]
[EndTime "14:28:25 PDT"]
[Termination "Jahonas won by resignation"]

1. d4 Nf6 2. Nf3 g6 3. g3 Bg7 4. Bg2 O-O 5. O-O d6 6. c4 Nc6 7. Nc3 e5 8. dxe5 dxe5 9. Bg5 h6 10. Qxd8 Rxd8 11. Bxf6 Bxf6 12. Nd5 Kg7 13. Nxc7 Rb8 14.
Nd5 e4 15. Nd2 e3 16. Ne4 Bxb2 17. Rab1 exf2+ 18. Rxf2 Be5 19. e3 Be6 20. Nc5 Na5 21.
Nxe6+ fxe6 22. Nf4 Rd6 23. c5 Ra6 24. Nd3 Bf6 25.
Nb4 Rc8 26. Nxa6 bxa6 27. Rbf1 Be5 28. Rf7+ Kg8 29. Rxa7 Rxc5 30. Rff7 Nc4 31. Rfd7 Rc8 32. Bh3 Nxe3 33. Bxe6+ Kf8 34. Rf7+ 1-0

[Event "Late-Titled-Tuesday-Blitz-April-23-2024"]
[Site "Chess.com"]
[Date "2024.04.23"]
[Round "3"]
[White "cthake"]
[Black "Viktoker"]
[Result "0-1"]
[WhiteElo "1847"]
[BlackElo "2346"]
[TimeControl "180+1"]
[EndTime "14:28:25 PDT"]
[Termination "Viktoker won by resignation"]

1. c4 f5 2. Nc3 Nf6 3. g3 g6 4. Bg2 Bg7 5. d4 O-O 6. e3 d6 7.
Rb1 a5 8. Nge2 Nc6 9. a3 e5 10. O-O e4 11. Nf4 g5 12. Nfd5 Nxd5 13. Nxd5 Ne7 14. Nxe7+ Qxe7 15. b4 axb4 16. axb4 Be6 17.
Qc2 Qf7 18. d5 Bd7 19. Qb3 Qh5 20. Bb2 Bxb2 21. Qxb2 f4 22. exf4 gxf4 23. f3 fxg3 24.
hxg3 Qg5 25. fxe4 Qxg3 26. Rxf8+ Rxf8 27. Qe2 Bh3 28. Rb2 Rf4 29. c5 Rg4 30. cxd6 cxd6 31.
Kf1 Bxg2+ 32. Qxg2 Qd3+ 33. Qe2 Qh3+ 34. Ke1 Rg1+ 35.
Kd2 Rg2 36. Ke1 Rxe2+ 37. Rxe2 Qc3+ 38. Rd2 Qxb4 0-1

[Event "Late-Titled-Tuesday-Blitz-April-23-2024"]
[Site "Chess.com"]
[Date "2024.04.23"]
[Round "3"]
[White "VladimirBugayev"]
[Black "masterofpuppets2"]
[Result "0-1"]
[WhiteElo "2241"]
[BlackElo "2481"]
[TimeControl "180+1"]
[EndTime "14:28:30 PDT"]
[Termination "masterofpuppets2 won by checkmate"]

1. e4 e5 2. Nf3 Nc6 3. d4 exd4 4. Nxd4 Nf6 5. Nxc6 bxc6 6. e5 Qe7 7. Qe2 Nd5 8. h4 Qe6 9. Nd2 d6 10. c4 Nb6 11. Nf3 Ba6 12. exd6 Qxe2+ 13. Bxe2 Bxd6 14. b3 O-O 15. O-O Nd5 16. Nd4 Be5 17. Bb2 Nf4 18.
Rab1 Bxd4 19. Bf3 Bxb2 20. Rxb2 Rad8 21. Bxc6 Rd6 22. Bf3 Rfd8 23. g3 Nd3 24. Re2 Re6 25. Rd2 Red6 26. Re2 g6 27. Bd5 c6 28. Bg2 Bc8 29. Re7 a6 30. Rc7 Ne5 31. f4 Ng4 32. Bxc6 Rd3 33. Bd5 Rxg3+ 34. Kh1 Be6 35. Bg2 Ne3 36. Rf3 Rd1+ 37. Kh2 Rxg2# 0-1

[Event "Late-Titled-Tuesday-Blitz-April-23-2024"]
[Site "Chess.com"]
[Date "2024.04.23"]
[Round "3"]
[White "GP9isback23"]
[Black "DeArron_Fox"]
[Result "1-0"]
[WhiteElo "2670"]
[BlackElo "2488"]
[TimeControl "180+1"]
[EndTime "14:28:31 PDT"]
[Termination "GP9isback23 won on time"]

1. d4 d5 2. Nf3 Nf6 3. c4 e6 4.
Nc3 Be7 5. Bg5 h6 6. Bh4 O-O 7. e3 b6 8. cxd5 Nxd5 9. Bxe7 Qxe7 10. Be2 Bb7 11. O-O Nd7 12. Rc1 c5 13. Qa4 cxd4 14.
Nxd4 Nc5 15. Qa3 Nxc3 16. Rxc3 e5 17. Nf3 Rfd8 18. Rfc1 Qf6 19. b4 Ne6 20. Qb2 e4 21. Nd2 Ng5 22. Qc2 Rac8 23. Nb3 Rxc3 24. Qxc3 Qg6 25.
Kh1 Nf3 26. gxf3 exf3 27. Bf1 Rd6 28. Qe5 Re6 29. Qb8+ Kh7 30. Qxb7 Qg4 31. Rc4 1-0

[Event "Late-Titled-Tuesday-Blitz-April-23-2024"]
[Site "Chess.com"]
[Date "2024.04.23"]
[Round "3"]
[White "slorovel"]
[Black "osielchesslover2011"]
[Result "1-0"]
[WhiteElo "2555"]
[BlackElo "2232"]
[TimeControl "180+1"]
[EndTime "14:28:32 PDT"]
[Termination "slorovel won by checkmate"]

1. e4 c5 2. Nf3 d6 3. b3 Nc6 4. Bb2 Nf6 5. Qe2 e6 6. g3 Be7 7.
Bg2 h5 8. h3 Qc7 9. O-O a6 10.
a4 Bd7 11. Na3 e5 12. Nc4 Rb8 13. a5 Nd4 14. Nxd4 cxd4 15. d3 Be6 16. f4 Bxc4 17.
bxc4 b5 18. axb6 Rxb6 19. Ba3 g6 20. f5 g5 21. Bc1 Nd7 22. f6 Bxf6 23. Bd2 Rb2 24.
Rxa6 Ke7 25. Bc1 Rb6 26. Ra1 h4 27. Bf3 hxg3 28. Bg4 Nc5 29. Qf3 Rh6 30. Bxg5 Bxg5 31. Qxf7+ Kd8 32. Qf8# 1-0

[Event "Late-Titled-Tuesday-Blitz-April-23-2024"]
[Site "Chess.com"]
[Date "2024.04.23"]
[Round "3"]
[White "rasmussvane"]
[Black "Babbelbox"]
[Result "1-0"]
[WhiteElo "2960"]
[BlackElo "2731"]
[TimeControl "180+1"]
[EndTime "14:28:33 PDT"]
[Termination "rasmussvane won by resignation"]

1. Nf3 Nf6 2. g3 g6 3. Bg2 Bg7 4. O-O O-O 5. d4 d5 6. c4 c6 7. Qb3 a5 8. Rd1 a4 9. Qb4 Re8 10. Nc3 Qa5 11. Qxa5 Rxa5 12. cxd5 cxd5 13. Bd2 Nc6 14. e3 a3 15. b3 Ra8 16. Na4 Bf5 17. Rdc1 Ne4 18. Nb6 Ra6 19. Nxd5 Nxd2 20. Nxd2 Rd8 21.
b4 Ra4 22. b5 Nb4 23. Nxe7+ Kf8 24. Nxf5 gxf5 25. Bxb7 Nd3 26. Rc3 Ne5 27. Rac1 Ng4 28.
Bf3 Nf6 29. b6 Rb4 30. b7 1-0

[Event "Late-Titled-Tuesday-Blitz-April-23-2024"]
[Site "Chess.com"]
[Date "2024.04.23"]
[Round "3"]
[White "jessy-molina"]
[Black "ilushka"]
[Result "0-1"]
[WhiteElo "2144"]
[BlackElo "2551"]
[TimeControl "180+1"]
[EndTime "14:28:38 PDT"]
[Termination "ilushka won by checkmate"]

1. d4 e6 2. Nf3 b6 3. Bg5 Be7 4. Bf4 Bb7 5. e3 f5 6. Nbd2 Nf6 7. Bd3 Ne4 8. O-O O-O 9. c4 d6 10. Rc1 Nd7 11. b4 Ndf6 12. Ng5 Nxg5 13. Bxg5 Ne4 14. Bxe7 Qxe7 15. Nxe4 fxe4 16. Be2 Rf6 17.
c5 Bd5 18. Bc4 Bxc4 19. Rxc4 d5 20. Rc2 b5 21. a4 bxa4 22. Ra2 Rh6 23. Qxa4 Qh4 24.
h3 Rg6 25. Kh2 Rf8 26. Qxa7 Qg5 27. g3 Rxf2+ 28. Raxf2 Qxg3+ 29. Kh1 Qxh3+ 30. Rh2 Qxf1# 0-1

[Event "Late-Titled-Tuesday-Blitz-April-23-2024"]
[Site "Chess.com"]
[Date "2024.04.23"]
[Round "3"]
[White "Njal28"]
[Black "AradNazari"]
[Result "1-0"]
[WhiteElo "3033"]
[BlackElo "2767"]
[TimeControl "180+1"]
[EndTime "14:28:40 PDT"]
[Termination "Njal28 won by checkmate"]

1. Nf3 c5 2. b3 Nc6 3. Bb2 d6 4. c4 e5 5. Nc3 g6 6. g3 Bg7 7. Bg2 Nge7 8. O-O O-O 9. d3 Rb8 10.
Nd2 a6 11. e3 b5 12. Nd5 Be6 13. Nxe7+ Nxe7 14. Qc2 h5 15. Ne4 Qd7 16. Rae1 Rbd8 17. f4 bxc4 18. dxc4 exf4 19. Bxg7 Kxg7 20. Nf6 Kxf6 21.
Qb2+ Kg5 22. Qg7 fxg3 23. h4+ Kxh4 24. Qf6+ g5 25. Rf4+ Bg4 26. Be4 Kh3 27. Qxg5 g2 28. Bxg2+ Kg3 29. Rf3# 1-0

[Event "Late-Titled-Tuesday-Blitz-April-23-2024"]
[Site "Chess.com"]
[Date "2024.04.23"]
[Round "3"]
[White "TimGrutter03"]
[Black "1g60-1"]
[Result "1/2-1/2"]
[WhiteElo "2606"]
[BlackElo "2439"]
[TimeControl "180+1"]
[EndTime "14:28:40 PDT"]
[Termination "Game drawn by agreement"]

1. c4 f5 2. g3 Nf6 3. Nh3 e5 4. d4 e4 5. Bg2 d5 6. O-O c6 7. b3 Be7 8. Nc3 O-O 9. Bg5 Be6 10. Nf4 Bf7 11. cxd5 Nxd5 12. Bxe7 Qxe7 13. Ncxd5 cxd5 14. h4 Nc6 15. e3 Rac8 16. Qd2 Qa3 17. h5 Nb4 18. Rfc1 Rc6 19. Rxc6 bxc6 20. Bh3 g6 21. hxg6 hxg6 22. Qc3 Rc8 23. g4 g5 24. Ne2 Qa6 25. Ng3 Nd3 26. Nxf5 Re8 27. Bf1 Be6 28. a4 Bxf5 29. gxf5 Rf8 30. Rd1 Rxf5 31. Rxd3 exd3 32. Bxd3 Qc8 33. Bxf5 Qxf5 34. Qxc6 Qg4+ 1/2-1/2

[Event "Late-Titled-Tuesday-Blitz-April-23-2024"]
[Site "Chess.com"]
[Date "2024.04.23"]
[Round "3"]
[White "Naoki"]
[Black "katharinareinecke"]
[Result "1-0"]
[WhiteElo "2538"]
[BlackElo "2054"]
[TimeControl "180+1"]
[EndTime "14:28:43 PDT"]
[Termination "Naoki won by checkmate"]

1. e4 c6 2. d4 d5 3. e5 Bf5 4. h4 h5 5. c4 e6 6. Nc3 Ne7 7. Nge2 dxc4 8. Ng3 Bg6 9. Bg5 Qb6 10. Bxc4 Qxb2 11.
Rc1 Nd5 12. Bxd5 exd5 13. O-O Bb4 14. Nce2 Qxa2 15. Nf4 Nd7 16. Nxg6 fxg6 17. Qd3 Nf8 18. e6 Be7 19. Bxe7 Kxe7 20. Ra1 Qc4 21. Qa3+ Ke8 22. Qd6 Rd8 23. Qe5 a6 24. e7 Rd7 25. exf8=Q+ Kxf8 26. Rae1 Qb4 27. Qe8# 1-0

[Event "Late-Titled-Tuesday-Blitz-April-23-2024"]
[Site "Chess.com"]
[Date "2024.04.23"]
[Round "3"]
[White "ashookk"]
[Black "Fantastic_Power"]
[Result "0-1"]
[WhiteElo "2319"]
[BlackElo "2691"]
[TimeControl "180+1"]
[EndTime "14:28:46 PDT"]
[Termination "Fantastic_Power won by resignation"]

1. Nf3 c5 2. c4 e6 3. Nc3 g5 4. d4 g4 5. Ng1 Bg7 6. e3 h5 7.
Nge2 Ne7 8. dxc5 Na6 9. Nb5 Nxc5 10. Nd6+ Kf8 11. Nc3 b6 12. g3 Bb7 13. Nxb7 Nxb7 14. Bg2 Rb8 15. Nb5 d6 16. h3 a6 17. Nd4 gxh3 18.
Bxb7 Rxb7 19. Qf3 Qc8 20. Nxe6+ Qxe6 21. Qxb7 Bf6 22. Qf3 Ng6 23. Qd5 Qg4 24. Bd2 Ne5 25. Qxd6+ Kg7 26. Bc3 Rd8 27. Qxd8 Bxd8 28. Bxe5+ Kg6 29.
Kd2 Qf3 30. Bf4 Qxf2+ 31. Kd3 Qxb2 32. Rab1 Qa3+ 33. Ke2 Qxa2+ 34. Kf3 Qxc4 35. Rbd1 Be7 36. Rd4 Qc6+ 37. Kf2 Qg2+ 0-1

[Event "Late-Titled-Tuesday-Blitz-April-23-2024"]
[Site "Chess.com"]
[Date "2024.04.23"]
[Round "3"]
[White "Bykov_Egor"]
[Black "SharathRk6"]
[Result "1-0"]
[WhiteElo "2617"]
[BlackElo "2438"]
[TimeControl "180+1"]
[EndTime "14:28:47 PDT"]
[Termination "Bykov_Egor won by resignation"]

1. d4 Nf6 2. c4 e6 3. Nc3 Bb4 4. e3 O-O 5. Bd3 d5 6. Nf3 b6 7. O-O Bb7 8. cxd5 exd5 9. a3 Be7 10. b4 Nbd7 11. Qb3 Rb8 12. b5 Re8 13. a4 Nf8 14. Ne5 Ng6 15. f4 Nxe5 16. fxe5 Ne4 17. Bxe4 dxe4 18. Rxf7 Kh8 19. Bd2 Bg5 20. Raf1 a6 21.
Qc4 axb5 22. axb5 Re7 23. e6 Bc8 24. d5 Bb7 25. Nxe4 Bh6 26. Bc3 Bxe3+ 27. Kh1 Bh6 28. Bb4 Re8 29. e7 Rxe7 30. Bxe7 Qe8 31. Rf8+ Qxf8 32.
Rxf8+ 1-0

[Event "Late-Titled-Tuesday-Blitz-April-23-2024"]
[Site "Chess.com"]
[Date "2024.04.23"]
[Round "3"]
[White "FlemingA"]
[Black "wannabe2700"]
[Result "1-0"]
[WhiteElo "2443"]
[BlackElo "2592"]
[TimeControl "180+1"]
[EndTime "14:28:48 PDT"]
[Termination "FlemingA won by resignation"]

1. e4 d5 2. exd5 Qxd5 3. Nc3 Qe5+ 4. Nge2 c5 5. d4 cxd4 6. Qxd4 Qxd4 7. Nxd4 a6 8. g3 e5 9. Nf3 Nc6 10. Bg2 Bf5 11.
O-O O-O-O 12. Be3 Bxc2 13. Rac1 Bd3 14. Rfe1 Nge7 15. Bb6 Rd6 16. Nxe5 Nxe5 17. Rxe5 Rxb6 18. Nd5+ Nc6 19. Nxb6+ Kc7 20. Nd5+ Kd6 21. Re3 Bg6 22. Nf4 Bf5 23. h3 g5 24. Rd1+ Kc7 25. Nd5+ Kd8 26. Ne7+ Kc7 27. Nxf5 1-0

[Event "Late-Titled-Tuesday-Blitz-April-23-2024"]
[Site "Chess.com"]
[Date "2024.04.23"]
[Round "3"]
[White "DeTimmerman"]
[Black "Sargsyan_Shant"]
[Result "0-1"]
[WhiteElo "2744"]
[BlackElo "2978"]
[TimeControl "180+1"]
[EndTime "14:28:49 PDT"]
[Termination "Sargsyan_Shant won by resignation"]

1. b4 g6 2. Bb2 Nf6 3. b5 Bg7 4. c4 O-O 5. e3 a6 6. a4 axb5 7. axb5 Rxa1 8. Bxa1 c6 9. Nf3 d6 10. Be2 e5 11. O-O Re8 12. d4 e4 13. Nfd2 d5 14. Nc3 h5 15. Qb3 Be6 16. Bb2 h4 17. Ba3 Nbd7 18. bxc6 bxc6 19. cxd5 cxd5 20. Nb5 Bf8 21. h3 Qb6 22. Bxf8 Nxf8 23. Qa3 N8h7 24.
Rb1 Qc6 25. Rc1 Qb6 26. Rb1 Qc6 27. Rc1 Qa8 28. Qxa8 Rxa8 29. Nb3 Ng5 30. Nc5 Ra2 31. Nxe6 Nxe6 32. Bf1 Kg7 33. Rc6 g5 34. Nd6 Kg6 35.
Nc8 g4 36. Ne7+ Kg5 37. hxg4 Kxg4 38. Rd6 Ra5 39. Be2+ Kg5 40. f3 exf3 41. Bxf3 Nc7 42. Rc6 Ra7 43. Rc5 Ne6 44. Rb5 Rxe7 45. Bxd5 Nc7 0-1

[Event "Late-Titled-Tuesday-Blitz-April-23-2024"]
[Site "Chess.com"]
[Date "2024.04.23"]
[Round "3"]
[White "NitaLucian"]
[Black "Mikayel99"]
[Result "1/2-1/2"]
[WhiteElo "2356"]
[BlackElo "2575"]
[TimeControl "180+1"]
[EndTime "14:28:50 PDT"]
[Termination "Game drawn by repetition"]

1. e4 e5 2. Nf3 Nc6 3. Bb5 Nge7 4. O-O a6 5. Ba4 b5 6. Bb3 h6 7. c3 Ng6 8. d4 Be7 9. a4 Rb8 10. axb5 Rxb5 11. Na3 Bxa3 12. Rxa3 O-O 13. Bc4 Rb8 14.
Bxa6 Bxa6 15. Rxa6 exd4 16. cxd4 Qe7 17. d5 Nb4 18.
Ra7 Qxe4 19. Rxc7 Nxd5 20. Rxd7 Ndf4 21. Re1 Qf5 22. g3 Ne6 23. Rd5 Qg4 24. Ne5 Nxe5 25. Rexe5 Qxd1+ 26. Rxd1 Rfc8 27. Re2 Rb3 28. Kg2 Rcb8 29. Rd6 R8b7 30. h4 h5 31. Rc2 g6 32.
Rd5 Kg7 33. Bd2 Kf8 34. Bc3 R3b5 35. Rcd2 Ke7 36. Rxb5 Rxb5 37. f3 Rb7 38. Kf2 Nc5 39.
Ke3 Ke6 40. Bd4 Rb3+ 41. Kf2 Na4 42. Bg7 Rb7 43. Bd4 Rb3 44. Ke2 Kf5 45. Rc2 Ke6 46. Kf2 Rb4 47. Rd2 Rb3 1/2-1/2

[Event "Late-Titled-Tuesday-Blitz-April-23-2024"]
[Site "Chess.com"]
[Date "2024.04.23"]
[Round "3"]
[White "TheBigBoss04"]
[Black "Shankland"]
[Result "0-1"]
[WhiteElo "2792"]
[BlackElo "3064"]
[TimeControl "180+1"]
[EndTime "14:28:51 PDT"]
[Termination "Shankland won by resignation"]

1. Nf3 d5 2. e3 Nf6 3. c4 c6 4. b3 Bg4 5. Bb2 e6 6. Nc3 Nbd7 7. Be2 Bd6 8. h3 Bh5 9. d4 O-O 10. Nd2 Bg6 11. O-O Qe7 12. Rc1 a6 13. Re1 Rad8 14.
Bf1 Rfe8 15. g3 e5 16. cxd5 cxd5 17. dxe5 Nxe5 18. Nf3 Nxf3+ 19. Qxf3 Be5 20. Bg2 h5 21. Red1 d4 22. exd4 Bxd4 23. Rxd4 Rxd4 24. Nd5 Rxd5 25. Bxf6 Qa3 26. Rc7 Rd2 27. Bxg7 Qd6 28. Bc3 Rde2 29. Rc4 Rc2 30. Kh2 b5 31. Rc6 Qe7 32. Qf4 h4 33. Qh6 hxg3+ 34. Kxg3 Rxc3+ 35. Rxc3 Qe5+ 0-1

[Event "Late-Titled-Tuesday-Blitz-April-23-2024"]
[Site "Chess.com"]
[Date "2024.04.23"]
[Round "3"]
[White "Ali_rastbod"]
[Black "vladoboch"]
[Result "1-0"]
[WhiteElo "2706"]
[BlackElo "2510"]
[TimeControl "180+1"]
[EndTime "14:28:55 PDT"]
[Termination "Ali_rastbod won on time"]

1. d4 Nf6 2. Bg5 e6 3. Nd2 h6 4. Bh4 Be7 5. e4 b6 6. e5 Nd5 7. Bxe7 Nxe7 8. Qg4 O-O 9. Bd3 Bb7 10.
Ngf3 d6 11. O-O-O Nd7 12. Ne4 dxe5 13. dxe5 Ng6 14. Qg3 Qe7 15. h4 Rfd8 16. h5 Ngf8 17. Rh4 Nh7 18. Rg4 Qf8 19. Re1 a5 20. c3 Bd5 21.
Kb1 a4 22. Bc2 a3 23. b3 Kh8 24. Nfd2 f5 25. exf6 Ndxf6 26. Nxf6 Nxf6 27. Rf4 Qe7 28. Qg6 Rf8 29. Re3 Kg8 30. Rg3 Rad8 31. Qxh6 Kf7 32.
Rxg7+ Ke8 33. Rxe7+ Kxe7 34. Bg6 1-0

[Event "Late-Titled-Tuesday-Blitz-April-23-2024"]
[Site "Chess.com"]
[Date "2024.04.23"]
[Round "3"]
[White "ELPRIMO0O0"]
[Black "traack"]
[Result "0-1"]
[WhiteElo "2625"]
[BlackElo "2472"]
[TimeControl "180+1"]
[EndTime "14:28:56 PDT"]
[Termination "traack won by resignation"]

1. e4 c5 2. d3 d5 3. exd5 Nf6 4. c4 e6 5. dxe6 Bxe6 6. Nc3 Nc6 7. Be3 Qd7 8. Be2 O-O-O 9. Nf3 h6 10. O-O g5 11.
Ne4 Nxe4 12. dxe4 Nd4 13. Bxd4 cxd4 14. Bd3 Bg7 15. b4 f5 16. exf5 Bxf5 17. Qc2 Bg4 18. Nd2 Kb8 19. c5 Be6 20. b5 Bd5 21. Rfc1 Rc8 22.
Bf5 Qxb5 23. Bxc8 Rxc8 24. Rab1 Qc6 25. f3 g4 26. Ne4 gxf3 27. gxf3 Be5 28. Kh1 Rf8 29.
Kg2 Qg6+ 30. Ng3 Bxf3+ 31. Kg1 d3 32. Qf2 Qg4 33. c6 Bd4 34. Rxb7+ Kc8 35. Rxa7 Bxf2+ 36. Kxf2 Qd4+ 37. Ke1 Qxa7 0-1

[Event "Late-Titled-Tuesday-Blitz-April-23-2024"]
[Site "Chess.com"]
[Date "2024.04.23"]
[Round "3"]
[White "Msb2"]
[Black "grzechu96"]
[Result "1-0"]
[WhiteElo "3060"]
[BlackElo "2792"]
[TimeControl "180+1"]
[EndTime "14:29:00 PDT"]
[Termination "Msb2 won on time"]

1. d4 d5 2. c4 c6 3. Nf3 Nf6 4. Nc3 e6 5. Qc2 dxc4 6. e4 b5 7. Be2 Bb7 8. O-O Nbd7 9. b3 b4 10. e5 Nd5 11. Bg5 Qc7 12. Nxd5 cxd5 13. bxc4 dxc4 14.
Bxc4 Rc8 15. Rfc1 h6 16. Bh4 Be7 17. Bxe7 Kxe7 18. Qb3 Qb6 19. d5 exd5 20. Bxd5 Nc5 21. Qc4 Bxd5 22. Qxd5 Rhd8 23. Qc4 Nd3 24. Qxc8 Rxc8 25.
Rxc8 Qxf2+ 26. Kh1 Nf4 27. Rg1 Qxa2 28. Rc7+ Ke6 29. Rb7 a5 30. h3 Qf2 31. Rb5 Nxg2 32. Rxg2 Qxf3 33. Rxa5 Qxh3+ 34. Kg1 Qe3+ 35. Kh2 Qf4+ 36.
Kg1 g5 37. Rb5 Qd4+ 38. Rf2 b3 39. Kg2 Qe4+ 40. Kh2 1-0

[Event "Late-Titled-Tuesday-Blitz-April-23-2024"]
[Site "Chess.com"]
[Date "2024.04.23"]
[Round "3"]
[White "Nemsko"]
[Black "djano"]
[Result "1-0"]
[WhiteElo "2461"]
[BlackElo "2615"]
[TimeControl "180+1"]
[EndTime "14:29:01 PDT"]
[Termination "Nemsko won by resignation"]

1. e4 c5 2. Nf3 g6 3. d4 cxd4 4. Nxd4 Nf6 5. Nc3 Nc6 6. Be3 Bg7 7. Bc4 O-O 8. h3 Qa5 9. O-O d6 10. Re1 Bd7 11. a3 Rac8 12. Nb3 Qd8 13. Qd2 Ne5 14. Be2 Nc4 15. Bxc4 Rxc4 16. Bxa7 b6 17. Qe3 b5 18.
Qd3 Nh5 19. Bd4 Nf4 20. Qd2 Bxd4 21. Nxd4 e5 22. Nf3 Qf6 23. Qe3 Rfc8 24. Rad1 Be6 25. Rxd6 Qe7 26. Red1 b4 27. axb4 Rxb4 28. Nxe5 Qg5 29.
Ng4 Bxg4 30. hxg4 Qxg4 31. Qg3 Qxg3 32. fxg3 Rxb2 33. Rd8+ Rxd8 34. Rxd8+ Kg7 35. gxf4 Rxc2 36. Nd5 1-0

[Event "Late-Titled-Tuesday-Blitz-April-23-2024"]
[Site "Chess.com"]
[Date "2024.04.23"]
[Round "3"]
[White "Rud_Makarian"]
[Black "carokannlover213"]
[Result "1-0"]
[WhiteElo "3054"]
[BlackElo "2785"]
[TimeControl "180+1"]
[EndTime "14:29:02 PDT"]
[Termination "Rud_Makarian won on time"]

1. d4 Nf6 2. c4 e6 3. Nf3 d5 4. g3 Bb4+ 5. Bd2 a5 6. Qc2 O-O 7. Bg2 c5 8. O-O cxd4 9. Nxd4 e5 10. Nb5 Bxd2 11. Nxd2 d4 12. c5 Na6 13. Rac1 Nb4 14.
Qb1 Nbd5 15. Nc4 Qe7 16. Nbd6 Bg4 17. Rfe1 Rfd8 18. e3 dxe3 19. Nxe3 Be6 20. Nef5 Bxf5 21. Qxf5 Nb4 22. Bxb7 Rab8 23. a3 Na2 24. Ra1 Rxd6 25. cxd6 Qxb7 26. Rxa2 e4 27. Raa1 Qb6 28. Rad1 Rd8 29.
Rxe4 Nxe4 30. Qxe4 Qxb2 31. d7 Qxa3 32. Qe8+ Qf8 33.
Re1 a4 34. Qxd8 1-0

[Event "Late-Titled-Tuesday-Blitz-April-23-2024"]
[Site "Chess.com"]
[Date "2024.04.23"]
[Round "3"]
[White "LeninGuerra"]
[Black "Cluke86"]
[Result "1-0"]
[WhiteElo "2680"]
[BlackElo "2316"]
[TimeControl "180+1"]
[EndTime "14:29:02 PDT"]
[Termination "LeninGuerra won on time"]

1. e4 d6 2. d4 Nf6 3. Bd3 e5 4. Ne2 Be7 5. c3 c6 6. O-O Nbd7 7. f4 Qc7 8. Nd2 b5 9. Nf3 a6 10. Ng3 g6 11. Kh1 Bb7 12. b3 h5 13. fxe5 dxe5 14.
Ng5 h4 15. Ne2 Rd8 16. h3 Rf8 17. Qe1 Rh8 18. Ng1 c5 19. d5 c4 20. bxc4 bxc4 21.
Bc2 Nc5 22. N1f3 Nd3 23. Qe3 Bc5 24. Qd2 Nxc1 25. Raxc1 Nh5 26. Ba4+ Kf8 27. Nxh4 Ng3+ 28. Kh2 Nxf1+ 29. Rxf1 Rxh4 30. Ne6+ Kg8 31. Nxc7 Rxe4 32.
Qg5 Be3 33. Qxd8+ Kg7 34. Ne8+ 1-0

[Event "Late-Titled-Tuesday-Blitz-April-23-2024"]
[Site "Chess.com"]
[Date "2024.04.23"]
[Round "3"]
[White "yuriydovzik"]
[Black "ColorsTrilogy"]
[Result "0-1"]
[WhiteElo "2142"]
[BlackElo "2392"]
[TimeControl "180+1"]
[EndTime "14:29:03 PDT"]
[Termination "ColorsTrilogy won on time"]

1. b3 Nf6 2. c4 b6 3. d4 e6 4. g3 Bb7 5. Nf3 Bb4+ 6. Bd2 Be7 7. Nc3 O-O 8. Bg2 Ne4 9. Nxe4 Bxe4 10. O-O f5 11. Bc3 Bf6 12. Qd2 d6 13. Rfe1 Nd7 14. Bf1 Qe8 15. Qb2 e5 16. dxe5 dxe5 17. Nd2 Bc6 18.
Rad1 Rd8 19. Qc2 Qh5 20. e4 f4 21. Be2 Qh3 22. Bf1 Qh6 23. Bg2 Nc5 24. Nf3 Qh5 25. b4 Ne6 26. Rd5 Bxd5 27. exd5 Nd4 28. Bxd4 exd4 0-1

[Event "Late-Titled-Tuesday-Blitz-April-23-2024"]
[Site "Chess.com"]
[Date "2024.04.23"]
[Round "3"]
[White "jcibarra"]
[Black "WindWhistler11"]
[Result "1-0"]
[WhiteElo "2992"]
[BlackElo "2534"]
[TimeControl "180+1"]
[EndTime "14:29:05 PDT"]
[Termination "jcibarra won on time"]

1. e4 e6 2. d4 d5 3. Nc3 Bb4 4. Ne2 Nc6 5. a3 Ba5 6. b4 Bb6 7. Bb2 Nge7 8. Qd2 e5 9. dxe5 Nxe5 10. Nxd5 Nc4 11. Qc3 Nxb2 12. Qxg7 Ng6 13. Nf6+ Ke7 14. Nd5+ Ke8 15. Nef4 Rf8 16. Nxg6 fxg6 17. Qe5+ Kf7 18. Qxb2 Kg8 19. O-O-O Bxf2 20. Bc4 Be6 21. Nb6 Qg5+ 22. Kb1 Bxc4 23. Nxc4 Rae8 24. Rd7 Re7 25. Rhd1 Rfe8 26. Qb3 Kf8 27. Qc3 1-0

[Event "Late-Titled-Tuesday-Blitz-April-23-2024"]
[Site "Chess.com"]
[Date "2024.04.23"]
[Round "3"]
[White "rhungaski"]
[Black "NowInChess"]
[Result "1-0"]
[WhiteElo "2482"]
[BlackElo "2247"]
[TimeControl "180+1"]
[EndTime "14:29:06 PDT"]
[Termination "rhungaski won on time"]

1. e4 e6 2. d4 d5 3. Nc3 Nc6 4. e5 f6 5. Nf3 fxe5 6. dxe5 Nge7 7. Bd3 Nb4 8. Ng5 Nxd3+ 9. Qxd3 g6 10. h4 Bg7 11.
Bf4 O-O 12. g3 c5 13. O-O-O Bd7 14. Nce4 c4 15. Qd2 Nc6 16. Nf6+ Bxf6 17. exf6 Qxf6 18. Bd6 Rfe8 19. f4 c3 20. bxc3 Na5 21. Qd4 Qxd4 22. cxd4 Nc4 23. Be5 Rac8 24. Rd3 Ba4 25. Rh2 1-0